 Dungeon Crawl Stone Soup version 0.30.0-29-ga12c61a403 (webtiles) character file.

Game seed: 16416445810502756282

15496 LustLizard the Transmogrifier (level 12, -8/83 HPs)
             Began as an Octopode Conjurer on June 23, 2023.
             Was a Priest of Wu Jian.
             Shot with an arrow by a centaur (13 damage)
             ... on level 11 of the Dungeon.
             The game lasted 00:34:38 (15323 turns).

LustLizard the Transmogrifier (Octopode Conjurer)  Turns: 15323, Time: 00:34:39

Health: -8/83      AC:  5    Str: 10    XL:     12   Next: 27%
Magic:  20/21      EV: 18    Int: 20    God:    Wu Jian [***...]
Gold:   307        SH:  0    Dex: 12    Spells: 10/23 levels left

rFire   . .          .
                       - Unarmed
rCold   + . .        (shield currently unavailable)
rNeg    . . .        (helmet restricted)
rPois   .            p - amulet of regeneration
rElec   .            b - ring of wizardry
rCorr   .            w - ring of protection from cold
SInv    .            C - ring of flight
Will    .....        D - +5 ring of evasion
Stlth   ++           P - +4 ring of protection
HPRegen 1.13/turn    (no ring)
MPRegen 0.17/turn    (no ring)
                     (no ring)

%: wizardry (x1)
@: confused, blade tentacles (expiring), ambrosia-drunk, flying, very slightly
contaminated, invisible
A: almost no armour, amphibious, 8 rings, camouflage 1, gelatinous body 1,
(nimble swimmer 1), tentacles
a: End Transformation, Renounce Religion, Wall Jump, Serpent's Lash


You were on level 11 of the Dungeon.
You worshipped Wu Jian.
Wu Jian was most pleased with you.
You had blades for main tentacles.
You visited 2 branches of the dungeon, and saw 15 of its levels.
You also visited: Bailey.

You collected 739 gold pieces.
You spent 432 gold pieces at shops.

Inventory:

Missiles
 n - 2 throwing nets
Armour
 l - a +0 buckler
Jewellery
 b - a ring of wizardry (left blade tentacle)
 f - an amulet of the acrobat
 p - an amulet of regeneration (around mantle)
 w - a ring of protection from cold (right blade tentacle)
 A - a ring of ice
 C - a ring of flight (on tentacle)
 D - a +5 ring of evasion (on tentacle)
 J - a ring of ice
 P - a +4 ring of protection (on tentacle)
Wands
 o - a wand of iceblast (3)
 s - a wand of polymorph (5)
 I - a wand of paralysis (7)
Scrolls
 c - a scroll of amnesia
 g - 2 scrolls of fog {unknown}
 i - 2 scrolls of torment {unknown}
 k - a scroll of teleportation
 m - a scroll of noise {unknown}
 r - 2 scrolls of poison {unknown}
 t - 2 scrolls of brand weapon
 u - 2 scrolls of enchant armour
 v - a scroll of enchant weapon
 y - 2 scrolls of immolation
 z - a scroll of silence
 G - 3 scrolls of vulnerability {unknown}
 K - a scroll of magic mapping
 L - 2 scrolls of fear {unknown}
 M - a scroll of butterflies
Potions
 a - 2 potions of magic
 d - 2 potions of cancellation
 e - a potion of resistance
 h - a potion of ambrosia
 j - 4 potions of flight
 q - 3 potions of lignification
 x - a potion of might
 B - a potion of curing
 E - a potion of invisibility
 F - a potion of brilliance
 H - a potion of haste
Miscellaneous
 N - a lightning rod (4/4)
 O - a box of beasts (inert)


   Skills:
 + Level 8.2 Fighting
 - Level 2.0 Dodging
 - Level 6.0 Stealth
 * Level 7.8 Unarmed Combat
 - Level 6.0 Spellcasting
 - Level 7.3 Conjurations
 - Level 6.0 Hexes
 - Level 9.2 Transmutations
 + Level 7.5 Evocations


You had 10 spell levels left.
You knew the following spells:

 Your Spells              Type           Power      Damage    Failure   Level
a - Magic Dart            Conj           100%       1d8       4%          1
b - Fulminant Prism       Conj/Hex       16%        3d11      16%         4
c - Blade Hands           Tmut           21%        N/A       16%         5
d - Tukima's Dance        Hex            30%        N/A       10%         3

Your spell library contained the following spells:

 Spells                   Type           Power      Damage    Failure   Level
 Searing Ray              Conj           70%        2d7       6%          2
 Passwall                 Tmut/Erth      20%        N/A       9%          2
 Dazzling Flash           Conj/Hex       64%        N/A       9%          3
 Stone Arrow              Conj/Erth      40%        3d9       16%         3
 Portal Projectile        Hex/Tloc       36%        N/A       19%         3
 Sandblast                Erth           12%        2d6       21%         1
 Yara's Violent Unravell  Hex/Tmut       18%        3d9       24%         5
 Iskenderun's Mystic Bla  Conj/Tloc      20%        2d6       32%         4
 Animate Dead             Necr           6%         N/A       71%         4
 Passage of Golubria      Tloc           6%         N/A       71%         4
 Haunt                    Necr/Summ      3%         N/A       100%        7
 Infestation              Necr           3%         N/A       100%        8


Dungeon Overview and Level Annotations

Branches:
Dungeon (14/15)            Temple (1/1) D:5          Bailey (visited)
   Lair: D:8-11         Orc: D:9-12      Vaults: D:13-14

Altars:
Ashenzari
Cheibriados
Dithmenos
Elyvilon
Fedhas
Gozag
Hepliaklqana
Kikubaaqudgha
Makhleb
Nemelex Xobeh
Okawaru
Qazlal
Ru
Sif Muna
Trog
Uskayaw
Vehumet
Wu Jian
Xom
Yredelemnul
Zin
The Shining One

Shops:
D:11 *

Annotations:
D:12 safid's ghost, journeyman MfIE


Innate Abilities, Weirdness & Mutations

You have blades for main tentacles.
Your spellcasting is less reliable in this form.
You are incapable of wielding weapons or throwing items.
You cannot wear most types of armour.
You are amphibious.
You can wear up to eight rings at the same time.
Your skin changes colour to match your surroundings (Stealth+).
Your rubbery body absorbs attacks. (AC +1, EV +1)
((You are camouflaged when in or above water. (Stealth+)))
You have tentacles for arms and can constrict up to eight enemies at once.


Message History

* * * LOW HITPOINT WARNING * * *
The troll closely misses you.
You spin and attack the troll.
You hit the troll.
The troll is almost dead.
You spin and attack the centaur repeatedly.
You slash the centaur!
You kill the centaur!
The Council accepts your kill. The troll closely misses you.
The troll claws you but does no damage. The troll closely misses you.
You feel better.
The centaur shoots an arrow.
The arrow closely misses you.
The troll closely misses you. x2; The troll misses you.
You slash the troll!
You kill the troll!
The Council accepts your kill.
The troll leather armour is intact enough to wear.
The centaur shoots an arrow.
The arrow hits you!
* * * LOW HITPOINT WARNING * * *
The arrow burns you.
* * * LOW HITPOINT WARNING * * *
A yak comes into view.
The yak bellows!
A yak comes into view.
The centaur shoots an arrow.
The arrow hits you!
* * * LOW HITPOINT WARNING * * *
The arrow burns you.
* * * LOW HITPOINT WARNING * * *
You feel better.
A yak comes into view.
The centaur shoots an arrow.
The arrow closely misses you.
You fade into invisibility!
The centaur shoots an arrow.
The arrow hits you!
* * * LOW HITPOINT WARNING * * *
The arrow burns you.
* * * LOW HITPOINT WARNING * * *
The centaur shoots an arrow.
The arrow closely misses you.
Unknown command.
You are confused.
You feel invigorated.
The centaur shoots an arrow.
The arrow hits you!
You die...

##### .....#
#....##### .....#
#....#...##......
.................
.................
.................
.......)[........
..........(......
##......@........
#.........c......
#................
....##.....Y.....
.... #.......Y...
... #........Y..
.. ............
............


You could see 3 yaks and a centaur (unable to see you).

Vanquished Creatures
  Josephine (D:10)
  A boulder beetle (D:11)
  2 two-headed ogres
  An orc knight (Bailey)
  Pikel (D:8)
  4 deep elf pyromancers
  A wolf spider (shapeshifter) (D:13)
  2 cyclopes (D:11)
  Joseph (D:10)
  A gargoyle (D:9)
  A komodo dragon (D:11)
  2 trolls
  Prince Ribbit (D:5)
  11 yaks
  2 shadows (D:10)
  4 wraiths
  2 wyverns
  A water elemental (D:13)
  A steam dragon (D:8)
  4 vampire mosquitoes (D:10)
  A water moccasin (D:7)
  9 orc warriors
  3 ice beasts
  A black bear (D:5)
  3 sky beasts
  A tengu (shapeshifter) (D:13)
  4 centaurs
  2 lemures (D:8)
  A kobold brigand (D:8)
  A scorpion (D:6)
  2 bullfrogs (D:7)
  A gnoll sergeant (D:6)
  9 wights
  11 killer bees
  2 howler monkeys
  2 electric eels
  2 orc priests
  5 hounds
  A gnoll bouda (D:6)
  2 jellies
  5 orc wizards
  2 sleepcaps
  6 iguanas
  12 gnolls
  6 adders
  4 shadow imps
  A white imp (D:8)
  2 ufetubi
  4 worms
  2 dart slugs
  54 orcs
  10 ball pythons
  5 bats
  5 endoplasms
  2 giant cockroaches (D:2)
  8 goblins
  8 hobgoblins
  6 jackals
  11 kobolds
  4 quokkas
  3 frilled lizards
  7 rats
274 creatures vanquished.

Vanquished Creatures (collateral kills)
  3 orcs (D:11)
3 creatures vanquished.

Vanquished Creatures (others)
  30 fulminant prisms
30 creatures vanquished.

Grand Total: 307 creatures vanquished

Notes
Turn   | Place    | Note
-------+----------+-------------------------------------------
     0 | D:1      | LustLizard the Octopode Conjurer began the quest for the
                  | Orb.
     0 | D:1      | Reached XP level 1. HP: 11/11 MP: 3/3
   188 | D:1      | Reached XP level 2. HP: 18/18 MP: 1/5
   679 | D:1      | Reached XP level 3. HP: 22/22 MP: 3/6
   684 | D:1      | Reached skill level 1 in Fighting
  1598 | D:2      | Reached XP level 4. HP: 28/28 MP: 3/7
  2595 | D:3      | Learned a level 4 spell: Fulminant Prism
  2868 | D:3      | Reached XP level 5. HP: 34/34 MP: 4/9
  3029 | D:3      | Reached skill level 5 in Conjurations
  3332 | D:3      | Found a faded altar of an unknown god.
  3903 | D:4      | Reached skill level 1 in Hexes
  4099 | D:4      | Reached XP level 6. HP: 29/39 MP: 1/10
  4380 | D:4      | Found a burning altar of Makhleb.
  4572 | D:4      | Found a blossoming altar of Fedhas.
  5058 | D:5      | Entered Level 5 of the Dungeon
  5262 | D:5      | Reached skill level 5 in Stealth
  5262 | D:5      | Reached XP level 7. HP: 14/45 MP: 3/11
  5598 | D:5      | Noticed Prince Ribbit
  5607 | D:5      | Killed Prince Ribbit
  5702 | D:5      | Reached XP level 8. HP: 22/52 MP: 0/13
  5862 | D:5      | Found a staircase to the Ecumenical Temple.
  5910 | Temple   | Entered the Ecumenical Temple
  6002 | Temple   | Became a worshipper of the Wu Jian Council
  6146 | D:5      | Learned a level 5 spell: Blade Hands
  6580 | D:6      | Reached skill level 1 in Transmutations
  7596 | D:7      | Reached skill level 2 in Transmutations
  7708 | D:7      | Reached skill level 5 in Hexes
  7830 | D:7      | Reached XP level 9. HP: 57/58 MP: 7/15
  7942 | D:7      | Reached * piety under Wu Jian
  7943 | D:7      | Reached skill level 3 in Transmutations
  8436 | D:7      | Found an opulent altar of Gozag.
  8436 | D:7      | Found a broken altar of Ashenzari.
  9134 | D:8      | Reached skill level 1 in Unarmed Combat
  9134 | D:8      | Reached skill level 1 in Evocations
  9749 | D:8      | Noticed Pikel
  9888 | D:8      | Killed Pikel
  9889 | D:8      | Reached skill level 4 in Transmutations
 10128 | D:8      | Noticed a two-headed ogre
 10419 | D:8      | Identified the +1 leather armour "Lipp" {rCorr}
 10419 | D:8      | Noticed a deep elf pyromancer
 10529 | D:8      | Learned a level 3 spell: Tukima's Dance
 10700 | D:8      | Found a white marble altar of Elyvilon.
 10745 | D:8      | Reached skill level 5 in Spellcasting
 10775 | D:8      | Reached skill level 5 in Transmutations
 10931 | D:8      | Killed a two-headed ogre
 10932 | D:8      | Reached skill level 5 in Fighting
 10932 | D:8      | Reached XP level 10. HP: 56/66 MP: 10/17
 11065 | D:8      | Killed a deep elf pyromancer
 11242 | D:8      | Reached skill level 6 in Transmutations
 11693 | D:9      | Noticed a gargoyle
 11867 | D:9      | Found a flagged portal.
 11878 | D:9      | Reached ** piety under Wu Jian
 11887 | Bailey   | Entered a bailey
 11939 | Bailey   | Noticed an orc knight
 11947 | Bailey   | Reached skill level 7 in Transmutations
 12458 | Bailey   | Killed an orc knight
 12459 | Bailey   | Reached XP level 11. HP: 72/72 MP: 1/20
 12600 | Bailey   | Found a large runed translucent door.
 12600 | Bailey   | Found a large runed translucent door.
 12601 | Bailey   | Noticed a deep elf pyromancer
 12672 | Bailey   | Killed a deep elf pyromancer
 12673 | Bailey   | Reached skill level 5 in Evocations
 12679 | Bailey   | Identified the staff of cold "Rucaontu" {rC+ rN+ Int+8}
 13003 | D:9      | Reached skill level 8 in Transmutations
 13316 | D:10     | Entered Level 10 of the Dungeon
 13367 | D:10     | Reached skill level 5 in Unarmed Combat
 13467 | D:10     | Noticed Josephine
 13693 | D:10     | Noticed a two-headed ogre
 13706 | D:10     | Killed a two-headed ogre
 13766 | D:10     | Noticed Joseph
 13777 | D:10     | Killed Joseph
 13980 | D:10     | Reached skill level 9 in Transmutations
 13989 | D:10     | Killed Josephine
 14194 | D:10     | Found a hide-covered altar of Uskayaw.
 14404 | D:11     | You are sucked into a shaft and drop 3 floors!
 14410 | D:14     | Noticed a brown ugly thing
 14411 | D:14     | Noticed a brown ugly thing
 14612 | D:13     | Noticed a wolf spider
 14626 | D:13     | Killed a wolf spider
 14695 | D:13     | Noticed a seven-headed hydra
 14744 | D:13     | Noticed a deep elf pyromancer
 14749 | D:13     | Noticed a deep elf pyromancer
 14757 | D:13     | Killed a deep elf pyromancer
 14759 | D:13     | Killed a deep elf pyromancer
 14760 | D:13     | Reached XP level 12. HP: 55/82 MP: 17/21
 14919 | D:12     | Noticed safid's ghost (journeyman MfIE)
 15040 | D:11     | Found Apoos's General Store.
 15049 | D:11     | Bought a +4 ring of protection for 432 gold pieces
 15189 | D:11     | Reached *** piety under Wu Jian
 15220 | D:11     | Noticed a boulder beetle
 15235 | D:11     | Killed a boulder beetle
 15322 | D:11     | HP: 3/83 [centaur/arrow (10)]
 15322 | D:11     | HP: 1/83 [centaur/arrow (2)]
 15323 | D:11     | Shot with an arrow by a centaur

Illustrated notes

Levels and vault maps discovered:
D:1:      dpeg_arrival_connections, layout_basic
D:2:      layout_basic
D:3:      layout_basic, dreamdust_ecumenical_altar_hidden_monk_grotto,
          grunt_decor_cap
D:4:      layout_basic, lemuel_tele_altar, mainiacjoe_overflow_cross_hatched,
          item_on_display_a
D:5:      layout_rooms, minmay_temple_entry_metal_lava, minmay_misc_feat_iff,
          uniq_prince_ribbit1
D:6:      layout_cave_pools, corner_web_ring, nicolae_grassy_gnolls
D:7:      layout_cave_pools, gammafunk_temple_overflow_wave
D:8:      layout_loops_corners, elyvilon_altar_5, minmay_microvault, uniq_pikel
D:9:      layout_irregular_city, enter_bailey_7
D:10:     layout_irregular_city, nicolae_overflow_crystal_walls, minivault_25,
          uniq_joseph, uniq_josephine
D:11:     layout_cross, david_lair_shrubbed, hiddenorc1_lemuel,
          kennysheep_small_spiral, nicolae_stop_n_shop_1
D:12:     layout_roguey, nzn_ghost_randoct, nicolae_vehumet_altar_sigil
D:13:     layout_loops_ring, serial_ice, serial_ice_l, serial_ice_m,
          serial_ice_h, serial_ice_g, due_unseen_surprise
D:14:     layout_cave_pools, skrybe_vaults_entry_preservation
Temple:   nicolae_temple_superstar

Skill      XL: |  1  2  3  4  5  6  7  8  9 10 11 12 |
---------------+-------------------------------------+-----
Stealth        | 3 4 5 6 |  6.0
Fighting       | 1 2 3 4 5 6 7 8 |  8.2
Conjurations   | 5 6 7 |  7.3
Hexes          | 1 2 3 5 6 |  6.0
Spellcasting   | 3 4 5 6 |  6.0
Transmutations | 2 5 7 9 |  9.2
Unarmed Combat | 3 4 6 7 |  7.8
Evocations     | 3 4 6 7 |  7.5
Dodging        | |  2.0

Action                     |  1- 3 |  4- 6 |  7- 9 | 10-12 || total
---------------------------+-------+-------+-------+-------++-------
  Melee: Unarmed           |    16 |    30 |   108 |   268 ||   422
         Constrict         |     5 |     7 |    19 |    41 ||    72
         Tentacles         |     3 |     7 |    29 |    78 ||   117
         Punch             |       |     1 |       |    19 ||    20
   Cast: Magic Dart        |    65 |   180 |   341 |    51 ||   637
         Fulminant Prism   |       |       |    21 |     9 ||    30
         Blade Hands       |       |       |       |    41 ||    41
Ability: Whirlwind         |       |       |     1 |    12 ||    13
         Lunge             |       |       |       |    30 ||    30
  Evoke: Wand              |       |       |     2 |     5 ||     7
         Box of beasts     |       |       |       |     1 ||     1
    Use: Scroll            |     1 |     6 |    14 |     6 ||    27
         Potion            |       |       |     3 |     6 ||     9
   Stab: Sleeping          |       |       |     1 |     2 ||     3
         Distracted        |       |       |       |     1 ||     1
 Armour: Skin              |     1 |     3 |    11 |    15 ||    30
  Dodge: Dodged            |    19 |    44 |   168 |   229 ||   460
